 Dungeon Crawl Stone Soup version 0.30-a0-1163-gf69bf04e7a (webtiles) character file.

Game seed: 1402877672415692694

21 funkygono the Shield-Bearer (level 2, 0/27 HPs)
             Began as a Minotaur Fighter on Apr 28, 2023.
             Slain by a goblin
             ... wielding a +0 club
             ... led by Robin
              (4 damage)
             ... on level 2 of the Dungeon.
             The game lasted 00:00:45 (814 turns).

funkygono the Shield-Bearer (Minotaur Fighter)       Turns: 814, Time: 00:00:45

Health: 0/27       AC:  8    Str: 20    XL:     2   Next: 65%
Magic:  1/1        EV:  9    Int:  5    God:
Gold:   58         SH:  4    Dex:  9    Spells: 1/1 levels left

rFire   . . .        a - +0 war axe
rCold   . . .        c - +0 buckler
rNeg    . . .        b - +0 scale mail
rPois   .            (helmet restricted)
rElec   .            k - +0 cloak
rCorr   .            (no gloves)
SInv    .            (no boots)
Will    .....        (no amulet) Stlth
                     (no ring)
HPRegen 0.24/turn    (no ring)
MPRegen 0.07/turn

%: no passive effects
@: no status effects
A: horns 2, retaliatory headbutt
a: no special abilities


You were on level 2 of the Dungeon.
You visited 1 branch of the dungeon, and saw 2 of its levels.

You collected 58 gold pieces.

Inventory:

Hand Weapons
 a - a +0 war axe (weapon)
Missiles
 j - 5 javelins (quivered)
Armour
 b - a +0 scale mail (worn)
 c - a +0 buckler (worn)
 k - a +0 cloak (worn)
Scrolls
 f - 2 scrolls of identify {unknown}
Potions
 d - a potion of might
 e - 2 potions of haste {unknown}
 g - a potion of flight {unknown}
 h - a potion of curing {unknown}
 i - a potion of magic {unknown}


   Skills:
 + Level 4.0 Fighting
 + Level 2.6 Axes
 + Level 4.0 Armour
 + Level 4.1 Shields


You had one spell level left.
You didn't know any spells.
Your spell library was empty.

Dungeon Overview and Level Annotations

Branches:
Dungeon (2/15)

Altars:

Annotations:
D:2 Robin


Innate Abilities, Weirdness & Mutations

You have a pair of horns on your head.
You reflexively headbutt those who attack you in melee.


Message History

You miss the goblin.
A hobgoblin comes into view.
The goblin hits you but does no damage.
Robin roars a battlecry!
The goblins go into a battle-frenzy!
The goblin hits you with a +0 club.
You hear a shout! x2
You closely miss the goblin. Robin throws the goblin at you!
A hobgoblin comes into view.
The goblin barely misses you. The goblin hits you but does no damage.
You closely miss the goblin. You hit the goblin but do no damage.
The goblin hits you but does no damage. You block the goblin's attack.
A goblin comes into view. It is wielding a +0 club.
You slash the goblin!
You kill the goblin!
You miss the goblin. The goblin hits you with a +0 club.
A hobgoblin comes into view.
The goblin hits you with a +0 club. The goblin completely misses you.
Unknown command.
You hit the goblin.
The goblin is severely wounded.
You barely miss the goblin. You block the goblin's attack.
A goblin comes into view. It is wielding a +0 dagger.
You block the goblin's attack.
You slash the goblin!
You kill the goblin!
You closely miss the goblin.
A goblin comes into view. It is wielding a +0 dagger.
The goblin hits you with a +0 club. The hobgoblin hits you.
You block the goblin's attack.
Your Fighting skill increases to level 4!
You barely miss the goblin. You closely miss the hobgoblin.
You block the hobgoblin's attack. The goblin hits you with a +0 club.
* * * LOW HITPOINT WARNING * * *
The hobgoblin attacks as you move away! The hobgoblin hits you.
* * * LOW HITPOINT WARNING * * *
The goblin hits you but does no damage.
Unknown command.
The goblin attacks as you move away! The goblin hits you with a +0 club.
You die...

#.####.......### #.#
#.##....# #.#
#.#.#..########
..####..###.........
.......## ##.######.
## ######..###.## g.
#.#.#.## ##. #.#..##
#..g#####@#..#
#.ggg.ggg#..#
#.##g#####..# ....
...# #.##.## ###.. #
.## ### #


You could see Robin, 3 hobgoblins and 3 goblins.

Vanquished Creatures
  A dart slug (D:1)
  3 endoplasms (D:1)
  2 giant cockroaches (D:1)
  2 goblins (D:2)
  3 hobgoblins
  A quokka (D:1)
  A bat (D:1)
  2 frilled lizards (D:1)
  2 rats
17 creatures vanquished.

Notes
Turn   | Place    | Note
-------+----------+-------------------------------------------
     0 | D:1      | funkygono the Minotaur Fighter began the quest for the Orb.
     0 | D:1      | Reached XP level 1. HP: 19/19 MP: 0/0
   163 | D:1      | Reached XP level 2. HP: 23/27 MP: 1/1
   801 | D:2      | Noticed Robin
   814 | D:2      | Slain by a goblin

Illustrated notes

Levels and vault maps discovered:
D:1:      mushboom_english_gardens, layout_basic, grunt_decor_arrowhead
D:2:      layout_loops_ring, palyth_stone_intersect, uniq_robin

Skill      XL: |  1  2 |
---------------+-------+-----
Shields        | 4 |  4.1
Armour         | 4 |  4.0
Fighting       | 4 |  4.0
Axes           | |  2.6

Action                     || total
---------------------------++-------
  Melee: War axe           ||    32
         Headbutt          ||     6
 Armour: Scale mail        ||    11
  Dodge: Dodged            ||    13
  Block: Buckler           ||    11

Table legend: (Time is in decaauts)
 A = Elapsed time spent in this place.
 B = Non-inter-level travel time spent in this place.
 C = Inter-level travel time spent in this place.
 D = Time resting spent in this place.
 E = Time spent auto-exploring this place.
 F = Levels seen in this place.
 G = Mean time per level.
                   A        B        C        D        E       F      G
               +--------+--------+--------+--------+--------+-----+--------+
         Total |    827 |    804 |     23 |      0 |    669 |   2 |  413.5 |
       Dungeon |    827 |    804 |     23 |      0 |    669 |   2 |  413.5 |
               +--------+--------+--------+--------+--------+-----+--------+

Top non-repeatable levels by time:
     D:1: 768 daAuts
     D:2: 58 daAuts
